[Event "Team 45 45 League T32"]
[Site "Internet Chess Club"]
[Date "2007.01.21"]
[Round "1"]
[White "Tomate"]
[Black "Rubacchus"]
[Result "1/2-1/2"]
[WhiteElo "1393"]
[BlackElo "1409"]
[ECO "B33"]
[TimeControl "2700+45"]

1. e4 c5 2. Nf3 Nc6 3. d4 cxd4 4. Nxd4 Nf6 5. Nc3 e5 6. Ndb5 d6 7. Bg5 a6 8. Na3
b5 9. Nd5 Be7 10. Bxf6 gxf6 11. c3 Be6 12. Be2 f5 13. exf5 Bxf5 14. O-O Rg8 15.
Kh1 Rb8 16. Nc2 Rg6 17. Nce3 Qd7 18. Nxf5 Qxf5 19. Bd3 e4 20. Ne3 Qe6 21. Be2 f5
22. Bh5 Ne5 23. Bxg6+ Qxg6 24. f4 Nd3 25. Qe2 Kf7 26. Rad1 Rg8 27. Rxd3 exd3 28.
Qxd3 Kf6 29. Qd4+ Ke6 30. Qd5+ Kf6 31. Qd4+ Ke6 32. Qd5+ Kf6 33. Qd4+ Ke6 34.
Qd5+ {Game drawn by repetition} 1/2-1/2

[Event "Team 45 45 League T32"]
[Site "Internet Chess Club"]
[Date "2007.01.20"]
[Round "1"]
[White "t-hobbes"]
[Black "Visin"]
[Result "0-1"]
[WhiteElo "1204"]
[BlackElo "1313"]
[ECO "C50"]
[TimeControl "2700+45"]

1. e4 e5 2. Nf3 Nc6 3. Bc4 Be7 4. c3 d6 5. d4 Bg4 6. Be3 Qd7 7. Nbd2 h6 8. Qe2
f5 9. g3 Nf6 10. Qd3 O-O-O 11. d5 fxe4 12. Nxe4 Nxe4 13. Qxe4 Bxf3 14. Qxf3 Na5
15. Bd3 Rhf8 16. Qh5 b6 17. O-O-O Nb7 18. Qe2 Nc5 19. Bc4 Kb8 20. g4 Rf7 21. Bb5
Qc8 22. h4 Rdf8 23. g5 hxg5 24. hxg5 Qf5 25. Rdf1 Bxg5 26. Rh5 Bxe3+ 27. Kd1
Qb1# {White checkmated} 0-1

[Event "Team 45 45 League T32"]
[Site "Internet Chess Club"]
[Date "2007.01.18"]
[Round "1"]
[White "SaintCRUIX"]
[Black "AtomicDog"]
[Result "1-0"]
[WhiteElo "1300"]
[BlackElo "1312"]
[ECO "B22"]
[TimeControl "2700+45"]

1. e4 c5 2. c3 d6 3. d4 cxd4 4. cxd4 Nd7 5. Nf3 b6 6. Bc4 e6 7. Nc3 Bb7 8. O-O
a6 9. Re1 b5 10. Bd3 Be7 11. Bf4 Ngf6 12. e5 dxe5 13. dxe5 Nd5 14. Nxd5 Bxd5 15.
a3 O-O 16. Rc1 Qb6 17. b4 a5 18. Be3 Qb7 19. Be2 axb4 20. axb4 Bxb4 21. Bd2 Bc5
22. g3 Qb6 23. Rf1 f6 24. Rb1 Bxf3 25. Bxf3 Nxe5 26. Bxa8 Rxa8 27. Qe2 Nc4 28.
Bc1 Qc6 29. Rd1 Rb8 30. Bf4 e5 31. Bc1 Nd6 32. Be3 Bxe3 33. Qxe3 Kf7 34. Rxd6
Qxd6 35. Qa7+ Ke6 36. Qxg7 Qd7 37. Qh6 Qf7 38. Re1 Qg6 39. Qh3+ f5 40. f4 Qf7
41. Rxe5+ Kd6 42. Rxf5 Qa7+ 43. Kg2 Qa8+ 44. Kf2 Qa7+ 45. Kf3 Qa3+ 46. Kg4 Rg8+
47. Rg5 Rxg5+ 48. Kxg5 Qc5+ 49. f5 b4 50. Qh6+ Kd5 51. Qe6+ Kd4 52. Qd7+ Kc4 53.
Qe6+ Kb5 54. Kh6 Qc6 55. Qxc6+ Kxc6 56. f6 b3 57. f7 b2 58. f8=Q b1=Q 59. Qc8+
Kd5 60. Qg8+ Kd4 61. Qxh7 Qc1+ 62. Kg7 Qg5+ 63. Qg6 Qe7+ 64. Kh6 Qf8+ 65. Qg7+
Qxg7+ 66. Kxg7 Ke5 67. Kg6 Ke4 68. g4 Kf3 69. Kf5 Kg2 70. h4 Kh3 71. h5 {Black
resigns} 1-0

[Event "Team 45 45 League T32"]
[Site "Internet Chess Club"]
[Date "2007.01.22"]
[Round "1"]
[White "Orforded"]
[Black "katabatico"]
[Result "0-1"]
[WhiteElo "1272"]
[BlackElo "1287"]
[ECO "C45"]
[TimeControl "2700+45"]

1. e4 e5 2. Nf3 Nc6 3. d4 exd4 4. Nxd4 Bc5 5. c3 h6 6. Bc4 Nf6 7. f3 O-O 8. b4
Bb6 9. O-O d5 10. exd5 Nxd5 11. Kh1 Ne5 12. Qb3 Nxc4 13. Qxc4 c6 14. b5 c5 15.
Nb3 Qd6 16. Rd1 Re8 17. g3 Bh3 18. Bf4 Nxf4 19. N1d2 Be6 20. Ne4 Qxd1+ 21. Rxd1
Bxc4 22. gxf4 Be2 23. Rg1 Bxf3+ 24. Rg2 Bxe4 {White resigns} 0-1

[Event "Team 45 45 League T32"]
[Site "Internet Chess Club"]
[Date "2007.01.21"]
[Round "1"]
[White "b-spot"]
[Black "Frankly"]
[Result "1-0"]
[WhiteElo "1663"]
[BlackElo "1648"]
[ECO "D22"]
[TimeControl "2700+45"]

1. d4 d5 2. c4 dxc4 3. Nf3 a6 4. e3 Bg4 5. Bxc4 e6 6. Nc3 Nf6 7. h3 Bh5 8. g4
Bg6 9. Ne5 Nbd7 10. Nxg6 hxg6 11. Bf1 c5 12. Bg2 Qc7 13. O-O O-O-O 14. Qf3 Be7
15. Bd2 Rh7 16. Rac1 Rdh8 17. g5 Nh5 18. Ne2 f5 19. dxc5 Ne5 20. Qxb7+ Qxb7 21.
Bxb7+ Kxb7 22. f4 Nd3 23. Rc3 Nxc5 24. Rfc1 Kb6 25. b4 Ne4 26. Rc6+ Kb7 27. Rc7+
Kb8 28. Rxe7 Nxd2 29. Rcc7 Ne4 30. Rb7+ Kc8 31. Ra7 Kd8 32. Rf7 Ke8 33. Rfb7 Nd6
34. Rb8+ {Black resigns} 1-0

[Event "Team 45 45 League T32"]
[Site "Internet Chess Club"]
[Date "2007.01.22"]
[Round "1"]
[White "drflounder"]
[Black "tammany"]
[Result "1-0"]
[WhiteElo "1731"]
[BlackElo "1510"]
[ECO "B22"]
[TimeControl "2700+45"]

1. e4 c5 2. c3 Nf6 3. e5 Nd5 4. d4 cxd4 5. Nf3 Nc6 6. cxd4 e6 7. a3 d6 8. Bd3
Be7 9. O-O O-O 10. Nc3 Nxc3 11. bxc3 dxe5 12. dxe5 Qa5 13. Qe1 a6 14. Qe4 g6 15.
Bh6 Rd8 16. Bd2 Qd5 17. Qxd5 Rxd5 18. Be4 Ra5 19. Bxc6 bxc6 20. Bc1 c5 21. c4
Bb7 22. Rd1 Bxf3 23. gxf3 Ra4 24. Rd7 Bf8 25. Be3 Rxc4 26. Rad1 a5 27. Rc7 Bg7
28. f4 a4 29. Rdd7 Bf8 30. Rxf7 h6 31. Rf6 g5 32. fxg5 hxg5 33. Rg6+ Kh8 34.
Bxg5 Rg4+ 35. Kf1 Rxg5 36. Rxg5 Rd8 37. Ke2 Re8 38. Rg4 Re7 39. Rxe7 Bxe7 40.
Rxa4 Bg5 41. Rc4 Bc1 {Black resigns} 1-0

[Event "Team 45 45 League T32"]
[Site "Internet Chess Club"]
[Date "2007.01.21"]
[Round "1"]
[White "dougmo"]
[Black "rabanito"]
[Result "0-1"]
[WhiteElo "1566"]
[BlackElo "1721"]
[ECO "C55"]
[TimeControl "2700+45"]

1. e4 e5 2. Nf3 Nc6 3. d4 exd4 4. Bc4 Nf6 5. e5 d5 6. Bb5 Ne4 7. Nxd4 Bc5 8. Be3
Bd7 9. Nxc6 bxc6 10. Bxc5 Nxc5 11. Be2 Rb8 12. b3 Qg5 13. O-O Qxe5 14. Nd2 O-O
15. Nf3 Qf6 16. Qd4 Qd6 17. Rad1 Rfe8 18. Rfe1 Ne6 19. Qh4 Nf4 20. Bf1 h6 21. g3
g5 22. Nxg5 hxg5 23. Qxg5+ Ng6 24. h4 Re5 25. Rxe5 Qxe5 26. Qh6 Qg7 27. Qh5 Ne5
28. Be2 Bg4 29. Bxg4 Nxg4 30. c3 Re8 31. Rd4 Nf6 32. Qf5 Ne4 33. Qd7 Re6 34.
Qxc7 Nxc3 35. Qxa7 Qxd4 {White resigns} 0-1

[Event "Team 45 45 League T32"]
[Site "Internet Chess Club"]
[Date "2007.01.21"]
[Round "1"]
[White "gessie7"]
[Black "Two-DogMan"]
[Result "1-0"]
[WhiteElo "1376"]
[BlackElo "1508"]
[ECO "C41"]
[TimeControl "2700+45"]

1. e4 e5 2. Nf3 d6 3. Nc3 a6 4. Bc4 Be7 5. h3 Nf6 6. d4 exd4 7. Nxd4 O-O 8. O-O
Nbd7 9. Re1 b5 10. Nc6 Qe8 11. Bd5 Bb7 12. Nxe7+ Qxe7 13. Bxb7 Ra7 14. Bc6 Nb6
15. Be3 Rd8 16. Nd5 Nfxd5 17. exd5 Qf6 18. a4 bxa4 19. Bxa4 Raa8 20. Bc6 Rab8
21. b3 Rf8 22. Rxa6 Qd8 23. Qg4 f5 24. Qg5 Qc8 25. Bd4 g6 26. Re6 Qxa6 27. Rxg6+
hxg6 28. Qxg6# {Black checkmated} 1-0

[Event "Team 45 45 League T32"]
[Site "Internet Chess Club"]
[Date "2007.01.20"]
[Round "1"]
[White "viking99"]
[Black "OnFire"]
[Result "1-0"]
[WhiteElo "1810"]
[BlackElo "1659"]
[ECO "C66"]
[TimeControl "2700+45"]

1. e4 e5 2. Nf3 Nc6 3. Bb5 Nf6 4. O-O d6 5. Re1 Bg4 6. c3 Be7 7. d3 h6 8. Nbd2
O-O 9. h3 Bh5 10. Nf1 a6 11. Ba4 b5 12. Bc2 Re8 13. Ng3 Bg6 14. Nh4 Nd7 15. Nxg6
fxg6 16. Qg4 Kh7 17. a4 b4 18. a5 Rb8 19. Ba4 Nf6 20. Qe2 Qd7 21. Be3 Rb7 22. d4
exd4 23. cxd4 d5 24. e5 Nh5 25. Nxh5 gxh5 26. Qc2+ {Black resigns} 1-0

[Event "Team 45 45 League T32"]
[Site "Internet Chess Club"]
[Date "2007.01.20"]
[Round "1"]
[White "TrickyBishop"]
[Black "OOB1"]
[Result "1-0"]
[WhiteElo "1771"]
[BlackElo "1514"]
[ECO "C01"]
[TimeControl "2700+45"]

1. e4 e6 2. d4 d5 3. exd5 exd5 4. Bd3 Nc6 5. c3 Nf6 6. Nf3 Bd6 7. Bg5 h6 8. Bh4
g5 9. Bg3 Bxg3 10. fxg3 Bg4 11. O-O Qd7 12. Qe1+ Ne7 13. Ne5 Qe6 14. Nxg4 Qxg4
15. Rxf6 Qd7 16. Nd2 O-O-O 17. Rxf7 Rhe8 18. Qf2 Kb8 19. Nf3 Qd6 20. Ne5 c6 21.
Rf1 Ng8 22. Bg6 Ne7 23. Rf6 Nxg6 24. Rxd6 Rxd6 25. Qf7 Re7 26. Qg8+ Kc7 27. Nxg6
Rd8 28. Qxd8+ Kxd8 29. Nxe7 Kxe7 30. Re1+ Kd7 31. Kf2 a5 32. Kf3 b5 33. Kg4
{Black resigns} 1-0

[Event "Team 45 45 League T32"]
[Site "Internet Chess Club"]
[Date "2007.01.21"]
[Round "1"]
[White "rubashov"]
[Black "grandpa06"]
[Result "1-0"]
[WhiteElo "1480"]
[BlackElo "1484"]
[ECO "B01"]
[TimeControl "2700+45"]

1. e4 d5 2. exd5 Nf6 3. c4 e6 4. dxe6 Bxe6 5. d4 Bb4+ 6. Nc3 Qe7 7. Be3 O-O 8.
a3 Bxc3+ 9. bxc3 c6 10. Bd3 Nbd7 11. h3 Nb6 12. Qb3 Qc7 13. Nf3 Nh5 14. O-O Nf4
15. Bxf4 Qxf4 16. Qd1 Bxc4 17. Bxc4 Nxc4 18. Qd3 b5 19. Rfe1 Rad8 20. Qe4 Qh6
21. Ne5 Nxe5 22. Qxe5 Qd2 23. Qc5 a5 24. Qxc6 Rc8 25. Qxb5 Qxc3 26. Red1 Rb8 27.
Qd3 Qc7 28. Rac1 Qd6 29. Rc5 a4 30. Qc4 h6 31. Qxa4 Ra8 32. Qb3 Rfb8 33. Qc3 Rb6
34. Ra1 Rab8 35. Rc8+ Kh7 36. Rxb8 Qxb8 37. Qd3+ g6 38. a4 Rb3 39. Qd1 Rb2 40.
a5 Qf4 41. Qf3 Qxd4 42. Qxf7+ Kh8 43. a6 Rxf2 44. Qxf2 Qxa1+ 45. Qf1 Qd4+ 46.
Kh1 Qa7 47. Qf8+ Kh7 48. Qc8 Qe3 49. Qc7+ Kh8 50. a7 Qe1+ 51. Kh2 Qa1 52. Qb8+
Kh7 53. a8=Q Qxa8 54. Qxa8 h5 55. g4 hxg4 56. hxg4 g5 57. Qa6 Kg7 58. Kg2 Kf7
59. Kf3 Kg7 60. Ke4 Kf7 61. Kf5 Ke7 62. Kxg5 Kd7 63. Kf5 Ke7 64. Qd3 {Black
resigns} 1-0

[Event "Team 45 45 League T32"]
[Site "Internet Chess Club"]
[Date "2007.01.21"]
[Round "1"]
[White "oldsj"]
[Black "Mfalme"]
[Result "1-0"]
[WhiteElo "1398"]
[BlackElo "1267"]
[ECO "C41"]
[TimeControl "2700+45"]

1. e4 e5 2. Nf3 d6 3. d4 exd4 4. Nxd4 Nf6 5. Nc3 Be7 6. Bg5 Nxe4 7. Nxe4 Bxg5 8.
Qf3 Qe7 9. Bc4 O-O 10. O-O Bh6 11. Rfe1 c6 12. Ng3 Qd7 13. Ndf5 Bg5 14. h4 Bf6
15. Rad1 d5 16. Nh6+ Kh8 17. Nhf5 Bxb2 18. c3 g6 19. Ne7 Kg7 20. h5 Ba3 21. h6+
Kxh6 22. Qf4+ Kg7 23. Nh5+ gxh5 24. Qg5+ Kh8 25. Qf6# {Black checkmated} 1-0

[Event "Team 45 45 League T32"]
[Site "Internet Chess Club"]
[Date "2007.01.20"]
[Round "1"]
[White "SneakyRed"]
[Black "HarishBN"]
[Result "0-1"]
[WhiteElo "1943"]
[BlackElo "1821"]
[ECO "C50"]
[TimeControl "2700+45"]

1. e4 e5 2. Nf3 Nc6 3. Bc4 Be7 4. c3 Nf6 5. d3 O-O 6. O-O d5 7. exd5 Nxd5 8. Re1
Bf6 9. Nbd2 Nb6 10. Bb5 Re8 11. Ne4 Bd7 12. Nc5 Rb8 13. a4 a6 14. Nxd7 Qxd7 15.
Bxc6 Qxc6 16. Bg5 Bxg5 17. Nxg5 h6 18. Nf3 e4 19. Nd4 Qg6 20. dxe4 Rxe4 21. Rxe4
Qxe4 22. Qb3 Re8 23. h3 Nd7 24. a5 c5 25. Nf3 c4 26. Qb4 Ne5 27. Nxe5 Rxe5 28.
Rd1 Rb5 29. Rd8+ Kh7 30. Qf8 Qe1+ 31. Kh2 Qe5+ 32. Kg1 Rxb2 33. Rd1 Qf5 34. Rf1
Qxa5 35. Qxf7 Qxc3 36. Qf5+ g6 37. Qf7+ Qg7 38. Qxc4 b5 39. Qe6 Qa7 40. Qf6 Re2
41. Rd1 a5 42. Rd8 Qg7 43. Qc6 Qa1+ 44. Kh2 Qe5+ 45. g3 Rxf2+ 46. Qg2 Rxg2+ 47.
Kxg2 Qe2+ 48. Kg1 h5 {White resigns} 0-1

[Event "Team 45 45 League T32"]
[Site "Internet Chess Club"]
[Date "2007.01.19"]
[Round "1"]
[White "Changuito-77"]
[Black "az2112"]
[Result "1-0"]
[WhiteElo "1780"]
[BlackElo "1610"]
[ECO "A48"]
[TimeControl "2700+45"]

1. d4 Nf6 2. Nf3 g6 3. e3 Bg7 4. Bd3 O-O 5. b3 d5 6. Bb2 b6 7. Nbd2 Bb7 8. O-O
Nbd7 9. Qe2 Ne4 10. Rad1 a6 11. Ne5 Ndf6 12. Qf3 Rc8 13. c4 e6 14. Bb1 Qe7 15.
Ng4 c5 16. Nxf6+ Nxf6 17. Qh3 Ne4 18. Nxe4 dxe4 19. Rd2 Rfd8 20. Rfd1 f5 21. Ba3
Qc7 22. dxc5 Rxd2 23. Rxd2 bxc5 24. Qg3 Qa5 25. Bc1 Qc3 26. Rd1 Bf8 27. h4 Qf6
28. Qh3 Be7 29. g3 Qa1 30. Ba3 Rd8 31. Qf1 Rxd1 32. Qxd1 Bc6 33. Qc2 Qf6 34. Bb2
e5 35. Qc3 g5 36. hxg5 Qxg5 37. Qxe5 Kf7 38. Bc2 h5 39. Qc7 h4 40. Be5 Be8 41.
Bd1 h3 42. Bd6 h2+ 43. Kh1 a5 44. Bh5+ Qxh5 45. Qxe7+ Kg8 46. Bxc5 Qf3+ 47. Kxh2
Qxf2+ 48. Kh3 Qf1+ 49. Kh4 Qh1+ 50. Kg5 Qh5+ 51. Kf4 Qg4+ 52. Ke5 Qxg3+ 53. Kxf5
Bg6+ 54. Kf6 Bh5 55. Qf8+ Kh7 56. Qe7+ Kg8 57. Qf8+ Kh7 58. Qe7+ Kg8 59. Ke6 a4
60. Qd8+ Kh7 61. Qd7+ Kg6 62. Qxa4 Qg4+ 63. Kd6 Qg3+ 64. Kc6 Kf6 65. Qa7 Be8+
66. Kb6 Qg6 67. Ka5 Kf5 68. Qe7 Qc6 69. Qf8+ Kg4 70. Qg8+ Kf3 71. Qd5 Qc7+ 72.
Kb4 Bc6 73. Qh5+ Kf2 74. Qh4+ Ke2 75. Qg4+ Kd2 76. Qg2+ Kd3 77. Qf1+ Kd2 78. Bd4
Qd6+ 79. c5 Qb8+ 80. Ka3 Bb5 81. Qf2+ Be2 82. b4 Kd3 83. Qe1 Qa8+ 84. Kb2 Bf3
85. Qc3+ Ke2 86. Qc2+ Kf1 87. a4 Qb7 88. b5 Be2 89. Qb3 Qc7 90. c6 Qh2 91. Kc3
Ke1 92. a5 Bd1 93. Qb2 Be2 94. a6 Qc7 95. a7 Qa5+ 96. Qb4 Qa1+ {Black resigns}
1-0

[Event "Team 45 45 League T32"]
[Site "Internet Chess Club"]
[Date "2007.01.20"]
[Round "1"]
[White "ChessZak"]
[Black "Cantemir"]
[Result "1-0"]
[WhiteElo "1492"]
[BlackElo "1541"]
[ECO "A40"]
[TimeControl "2700+45"]

1. d4 e6 2. c4 c5 3. dxc5 Bxc5 4. Nc3 Nc6 5. Nf3 Nf6 6. Bg5 O-O 7. e4 h6 8. Bh4
Qb6 9. Qc2 Ng4 10. Na4 Nb4 11. Qd2 Qa5 12. Nxc5 Nc2+ 13. Kd1 Qxd2+ 14. Kxd2 Nxa1
15. Bd3 b6 16. Na4 g5 17. Bg3 Nb3+ 18. axb3 f5 19. exf5 exf5 20. h3 f4 21. hxg4
fxg3 22. fxg3 Bb7 23. Rxh6 Bxf3 24. gxf3 Rxf3 25. Be4 Rxg3 26. Bxa8 Kg7 27. Rd6
Rxb3 28. Rxd7+ Kf6 29. Rxa7 Rb4 30. Ra6 Rxc4 31. Rxb6+ Ke5 32. Rb5+ Kf4 33. Nc3
Rd4+ 34. Kc2 Kxg4 35. Kb3 Kh4 36. Rb4 Rxb4+ 37. Kxb4 Kg3 38. Kc5 Kf4 39. b4 g4
40. b5 g3 41. b6 Ke3 42. Bd5 Kd3 43. b7 Kxc3 44. b8=Q g2 45. Qg3+ {Black
resigns} 1-0

[Event "Team 45 45 League T32"]
[Site "Internet Chess Club"]
[Date "2007.01.21"]
[Round "1"]
[White "GadsHill"]
[Black "sdcohle"]
[Result "1-0"]
[WhiteElo "1546"]
[BlackElo "1390"]
[ECO "E90"]
[TimeControl "2700+45"]

1. d4 Nf6 2. c4 d6 3. Nc3 g6 4. e4 Bg7 5. Nf3 e6 6. Be2 O-O 7. O-O c6 8. h3 b6
9. Be3 h6 10. c5 bxc5 11. dxc5 d5 12. exd5 exd5 13. Nd4 Bb7 14. b4 a6 15. Qc2
Nbd7 16. Rad1 Ne5 17. Rfe1 Qc7 18. Bf4 Nh5 19. Bxh5 gxh5 20. Bh2 Rae8 21. Qf5
Qe7 22. Re3 Qg5 23. Qxg5 hxg5 24. Na4 Re7 25. Nf5 Re6 26. Nxg7 Kxg7 27. Bxe5+ f6
28. Bd6 Rfe8 29. Rde1 Kg6 30. Rxe6 Rxe6 31. Rxe6 Bc8 32. Re7 Bf5 33. Rc7 Bd3 34.
Rxc6 Bb5 35. Rb6 Kf5 36. c6 Bxa4 37. c7 Bd7 38. Rxa6 d4 39. c8=Q Bxc8 40. Rc6
Bd7 41. Rc2 d3 42. Rd2 Bb5 43. Kf1 Ke6 44. Bc5 Kd5 45. f3 Kc4 46. Kf2 Kc3 47.
Ke3 f5 48. Bd4+ Kc4 49. Rxd3 f4+ 50. Ke4 Kxb4 51. Rb3+ Kc4 52. Rxb5 Kxb5 53. Bf6
g4 54. Kxf4 gxh3 55. gxh3 Kb4 56. Kg5 Ka3 57. Kxh5 Kxa2 58. Bd4 Kb3 59. f4 Kc4
60. f5 Kd5 61. f6 Ke6 62. Kg6 Kd5 63. f7 Kxd4 64. f8=Q Kd5 65. Kf6 Kd4 66. Qe7
Kd5 67. Qe6+ Kd4 68. Kf5 Kd3 69. Qe5 Kc4 70. Ke4 Kb3 71. Qd4 Kc2 72. Qd3+ Kb2
73. Ke3 Kc1 74. Qe2 Kb1 75. Kd3 Ka1 76. Kc3 Kb1 77. Qb2# {Black checkmated} 1-0

[Event "Team 45 45 League T32"]
[Site "Internet Chess Club"]
[Date "2007.01.20"]
[Round "1"]
[White "nursey"]
[Black "smitty120"]
[Result "1/2-1/2"]
[WhiteElo "1627"]
[BlackElo "1919"]
[ECO "C89"]
[TimeControl "2700+45"]

1. e4 e5 2. Nf3 Nc6 3. Bb5 a6 4. Ba4 Nf6 5. O-O Be7 6. Re1 b5 7. Bb3 O-O 8. c3
d5 9. exd5 Nxd5 10. Nxe5 Nxe5 11. Rxe5 c6 12. d4 Bd6 13. Bg5 f6 14. Rxd5 cxd5
15. Bxd5+ Kh8 16. Bxa8 fxg5 17. Bf3 Qf6 18. Nd2 Bb8 19. a4 g4 20. Be2 Qxf2+ 21.
Kh1 g3 22. Ne4 Qe3 23. Nxg3 Bxg3 24. hxg3 Rf6 25. axb5 Rh6+ 26. Bh5 g6 27. g4
gxh5 28. g5 Qxg5 29. bxa6 Bxa6 30. b3 Bb7 31. Qe2 Re6 32. Qf2 Rf6 33. Qe2 Qh4+
34. Kg1 Bxg2 35. Qe8+ Kg7 36. Ra7+ Kh6 37. Qe3+ Kg6 38. Kxg2 Qg4+ 39. Qg3 Rb6
40. b4 Rc6 41. Qxg4+ hxg4 42. Kg3 Rxc3+ 43. Kxg4 Rc4 44. Ra6+ Kf7 {Game drawn by
mutual agreement} 1/2-1/2

[Event "Team 45 45 League T32"]
[Site "Internet Chess Club"]
[Date "2007.01.20"]
[Round "1"]
[White "Mikey29a"]
[Black "Pierrekurdy"]
[Result "1/2-1/2"]
[WhiteElo "1658"]
[BlackElo "1552"]
[ECO "B07"]
[TimeControl "2700+45"]

1. e4 d6 2. d4 Nf6 3. Nc3 g6 4. Be3 Bg7 5. h3 c6 6. Qd2 O-O 7. Bh6 e5 8. Bxg7
Kxg7 9. dxe5 dxe5 10. Qxd8 Rxd8 11. Bd3 Nbd7 12. O-O-O b6 13. Nge2 Nc5 14. f3
Be6 15. Ng3 b5 16. a3 a5 17. Be2 Rxd1+ 18. Rxd1 b4 19. Nb1 Ba2 20. Rd6 Rc8 21.
axb4 axb4 22. b3 Bxb1 23. Kxb1 Ne6 24. Bf1 c5 25. Ne2 Ne8 26. Rd7 N8c7 27. h4
Nb5 28. g4 Ned4 29. Nxd4 Nxd4 30. Bg2 c4 31. Rb7 cxb3 32. cxb3 Nxb3 33. Rxb4
Nd2+ 34. Ka2 Ra8+ 35. Kb2 Rc8 36. Ka2 Ra8+ 37. Kb2 Rc8 38. Ka2 {Game drawn by
repetition} 1/2-1/2

[Event "Team 45 45 League T32"]
[Site "Internet Chess Club"]
[Date "2007.01.18"]
[Round "1"]
[White "Hastings"]
[Black "Lyko"]
[Result "0-1"]
[WhiteElo "1345"]
[BlackElo "1535"]
[ECO "A02"]
[TimeControl "2700+45"]

1. f4 b6 2. Nf3 Bb7 3. Nc3 e6 4. e4 Nf6 5. d3 Nc6 6. h3 Be7 7. Be3 Nh5 8. Bf2
Nxf4 9. g3 Ng6 10. Qe2 Nce5 11. O-O-O Nxf3 12. Qxf3 O-O 13. Qe3 Bg5 {White
resigns} 0-1

[Event "Team 45 45 League T32"]
[Site "Internet Chess Club"]
[Date "2007.01.19"]
[Round "1"]
[White "DocHoliday"]
[Black "JimGrange"]
[Result "1-0"]
[WhiteElo "1989"]
[BlackElo "1887"]
[ECO "C84"]
[TimeControl "2700+45"]

1. e4 e5 2. Nf3 Nc6 3. Bb5 a6 4. Ba4 Nf6 5. O-O Be7 6. d3 d6 7. Bxc6+ bxc6 8.
Nc3 O-O 9. h3 c5 10. b3 h6 11. Be3 Be6 12. Qd2 c6 13. Ne2 Re8 14. Ng3 Bf8 15.
Nh2 Kh7 16. f4 exf4 17. Rxf4 g6 18. Raf1 Bg7 19. Qf2 Nd7 20. Ne2 a5 21. d4 a4
22. Nc3 cxd4 23. Bxd4 axb3 24. axb3 Ne5 25. Ng4 c5 26. Bxe5 Bxe5 27. Nxe5 dxe5
28. Rxf7+ Kg8 29. Rf6 Qd4 30. Nb5 Qxf2+ 31. R1xf2 Kg7 32. Nc7 Bf5 33. Nxe8+ Rxe8
34. Rc6 Bxe4 35. Rxc5 Bf5 36. Re2 Kf6 37. g4 Bc8 38. Kg2 h5 39. Kg3 hxg4 40.
hxg4 g5 41. Rc3 Bb7 42. Rc7 Ba8 43. c4 e4 44. Rc5 e3 45. Rf5+ Kg6 46. Rf1 Rb8
47. Rxe3 Rb4 48. Rc1 Bb7 49. Rcc3 Kf6 50. c5 Bc8 51. Rc4 Rxc4 52. bxc4 Bd7 53.
Re4 Bc6 54. Rd4 Bb7 55. c6 {Black resigns} 1-0

[Event "Team 45 45 League T32"]
[Site "Internet Chess Club"]
[Date "2007.01.19"]
[Round "1"]
[White "Vannak1"]
[Black "GrandPoobah069"]
[Result "1-0"]
[WhiteElo "1596"]
[BlackElo "1677"]
[ECO "B99"]
[TimeControl "2700+45"]

1. e4 c5 2. Nf3 d6 3. d4 cxd4 4. Nxd4 Nf6 5. Nc3 a6 6. Bg5 e6 7. f4 Be7 8. Qf3
Qc7 9. O-O-O Nbd7 10. Be2 h6 11. Bh4 g5 12. fxg5 Ne5 13. Qf1 Nfg4 14. Bxg4 Nxg4
15. Qe2 Ne5 16. Qh5 Ng6 17. Bg3 hxg5 18. Qf3 Bd7 19. Rhf1 f6 20. Kb1 O-O-O 21.
Nb3 Bc6 22. Nc5 Bd7 23. Nxd7 Qxd7 24. Rd4 Rhf8 25. Rfd1 Ne5 26. Qe2 Nf7 27. Na4
Kb8 28. Nc5 Qc8 29. Rc4 b5 30. Rc3 Ka8 31. Nxa6 Qd7 32. Rc7 Qe8 33. Qe3 {Black
resigns} 1-0

[Event "Team 45 45 League T32"]
[Site "Internet Chess Club"]
[Date "2007.01.18"]
[Round "1"]
[White "charles-allen"]
[Black "MindRide"]
[Result "0-1"]
[WhiteElo "1692"]
[BlackElo "1776"]
[ECO "B21"]
[TimeControl "2700+45"]

1. e4 c5 2. d4 cxd4 3. c3 dxc3 4. Nxc3 Nc6 5. Nf3 d6 6. Bc4 e6 7. O-O Be7 8. Qe2
Nf6 9. Rd1 e5 10. Be3 O-O 11. b4 Bg4 12. a3 Rc8 13. Ba2 Nxb4 14. axb4 Rxc3 15.
Bxa7 Qc7 16. h3 Bh5 17. g4 Bg6 18. Bd5 Nxd5 19. Rxd5 Rc4 20. Rc5 Rxc5 21. bxc5
dxc5 22. Qb2 Bxe4 23. Bb6 Qd6 24. Nxe5 Bf6 25. f4 Bd8 26. Bxd8 Rxd8 27. Qa2 Qd4+
28. Kh2 Bd5 29. Qc2 Qxf4+ 30. Kg1 Qg3+ 31. Kf1 Qxh3+ 32. Ke1 Qg3+ 33. Kf1 Qxe5
34. Re1 Qf4+ 35. Kg1 Qxg4+ 36. Kf1 Bc4+ 37. Kf2 Qh4+ 38. Kg2 Qxe1 39. Qf5 Qd2+
40. Kh1 Qd5+ {White resigns} 0-1

[Event "Team 45 45 League T32"]
[Site "Internet Chess Club"]
[Date "2007.01.20"]
[Round "1"]
[White "GolferBob"]
[Black "BraafPaard"]
[Result "0-1"]
[WhiteElo "1777"]
[BlackElo "1570"]
[ECO "A45"]
[TimeControl "2700+45"]

1. d4 Nf6 2. Bf4 e6 3. e3 b6 4. Nf3 Bb7 5. Bd3 Be7 6. h3 O-O 7. O-O c5 8. c3 Nc6
9. Nbd2 d5 10. Re1 c4 11. Bc2 b5 12. e4 dxe4 13. Nxe4 Nxe4 14. Bxe4 Bd6 15. Ne5
Qc7 16. Bxc6 Bxc6 17. Nxc6 Qxc6 18. Bxd6 Qxd6 19. Qe2 Qd5 20. Qe5 Rfd8 21. a3 a5
22. Re2 Kf8 23. Rae1 Qxe5 24. Rxe5 Rd5 25. Rxd5 exd5 26. Re5 Rd8 27. f4 Rd6 28.
Kf2 f6 29. Re2 Kf7 30. f5 g6 31. fxg6+ hxg6 32. g4 Re6 33. Re3 g5 34. Kf3 Rxe3+
35. Kxe3 Ke6 36. Kf3 Kd6 37. Ke3 Kc6 38. Kd2 b4 39. Kc2 Kb5 40. axb4 axb4 41. b3
cxb3+ 42. Kxb3 bxc3 43. Kxc3 Ka4 44. Kc2 Kb4 45. Kd3 Kb3 46. Kd2 Kc4 47. Ke3 Kc3
{White resigns} 0-1

[Event "Team 45 45 League T32"]
[Site "Internet Chess Club"]
[Date "2007.01.21"]
[Round "1"]
[White "John3v16"]
[Black "Pawnster"]
[Result "0-1"]
[WhiteElo "1789"]
[BlackElo "2018"]
[ECO "C01"]
[TimeControl "2700+45"]

1. e4 e6 2. d4 d5 3. exd5 exd5 4. Nf3 Bd6 5. c4 c6 6. Nc3 Nf6 7. Bd3 O-O 8. O-O
Bg4 9. h3 Bh5 10. Bg5 dxc4 11. Bxc4 h6 12. Be3 Nbd7 13. Kh1 Rc8 14. Rc1 Bb8 15.
Ne2 g5 16. Ng3 Bxg3 17. fxg3 Re8 18. Bf2 g4 19. hxg4 Nxg4 20. Qc2 Ndf6 21. Qf5
Kg7 22. Ne5 Nxf2+ 23. Rxf2 Bg6 24. Nxg6 fxg6 25. Qd3 Qe7 26. Rcf1 Rf8 27. Bb3
Ne4 28. Rf3 Rce8 29. Kh2 Rxf3 30. gxf3 Nd6 31. Rf2 Nf5 32. Bc2 Qg5 33. f4 Qh5+
34. Kg1 Re3 35. Qd1 Rxg3+ 36. Rg2 Rxg2+ 37. Kxg2 Ne3+ {White resigns} 0-1

[Event "Team 45 45 League T32"]
[Site "Internet Chess Club"]
[Date "2007.01.21"]
[Round "1"]
[White "Bullitproof"]
[Black "SelfScientifiCc"]
[Result "0-1"]
[WhiteElo "1608"]
[BlackElo "1824"]
[ECO "D15"]
[TimeControl "2700+45"]

1. d4 d5 2. Nf3 Nf6 3. c4 c6 4. Nc3 dxc4 5. e4 b5 6. Bf4 a6 7. a3 e6 8. Be2 Be7
9. O-O O-O 10. h3 Bb7 11. e5 Nd5 12. Bd2 Nd7 13. Qc2 N7b6 14. Nh2 c5 15. Qe4
Nxc3 16. Qxb7 Nxe2+ 17. Kh1 cxd4 {White resigns} 0-1

[Event "Team 45 45 League T32"]
[Site "Internet Chess Club"]
[Date "2007.01.19"]
[Round "1"]
[White "PublisherKing"]
[Black "Ghostblaster"]
[Result "1-0"]
[WhiteElo "1733"]
[BlackElo "1614"]
[ECO "D45"]
[TimeControl "2700+45"]

1. Nf3 d5 2. c4 c6 3. d4 Nf6 4. Nc3 e6 5. e3 Bd6 6. Be2 Nbd7 7. O-O O-O 8. Qc2
Re8 9. a3 e5 10. dxe5 Nxe5 11. cxd5 Nxf3+ 12. Bxf3 cxd5 13. Qb3 Be6 14. Qxb7 Bc5
15. Rd1 Re7 16. Qb5 Rc8 17. b4 Rec7 18. Bb2 Rb8 19. Qd3 Be7 20. Nxd5 Nxd5 21.
Bxd5 Rd7 22. e4 a5 23. b5 Bg4 24. Qg3 Rxb5 25. Qxg4 Rxb2 26. Bxf7+ Kxf7 27. Qxd7
Qxd7 28. Rxd7 Ke6 29. Ra7 Rb5 30. a4 Re5 31. Ra6+ Kf7 32. f3 Bb4 33. Rd1 Re7 34.
g3 Rc7 35. Rd5 g6 36. f4 Rc2 37. Rd7+ {Black resigns} 1-0